 Dungeon Crawl Stone Soup version 0.31-a0-1002-g8e65716e6e (webtiles) character file.

Game seed: 831309316115922953

184 BinkBink the Shield-Bearer (level 5, -3/37 HPs)
             Began as an Octopode Fighter on Nov 10, 2023.
             Killed from afar by a dart slug (4 damage)
             ... with a slug dart
             ... on level 2 of the Dungeon.
             The game lasted 00:00:59 (1064 turns).

BinkBink the Shield-Bearer (Octopode Fighter)       Turns: 1064, Time: 00:01:00

Health: -3/37      AC:  1    Str: 16    XL:     5   Next: 63%
Magic:  5/5        EV: 14    Int: 10    God:
Gold:   97         SH:  5    Dex: 13    Spells: 4/4 levels left

rFire   . .          .
                       - Unarmed
rCold   . . .        a - +0 buckler
rNeg    . . .        (helmet restricted)
rPois   .            (no amulet)
rElec   .            (no ring)
rCorr   .            (no ring)
SInv    .            (no ring)
Will    .....        (no ring)
Stlth   ++           (no ring)
HPRegen 0.26/turn    (no ring)
MPRegen 0.09/turn    (no ring)
                     (no ring)

%: no passive effects
@: no status effects
A: almost no armour, amphibious, 8 rings, camouflage 1, gelatinous body 1,
(nimble swimmer 1), tentacles
a: no special abilities


You were on level 2 of the Dungeon.
You visited 1 branch of the dungeon, and saw 2 of its levels.

You collected 97 gold pieces.

Inventory:

Armour
 a - a +0 buckler (worn)
Wands
 k - a wand of flame (20)
Scrolls
 c - a scroll of amnesia {unknown}
 d - 2 scrolls of identify {unknown}
 f - a scroll of poison {unknown}
 g - a scroll of noise {unknown}
 i - a scroll of teleportation {unknown}
 j - a scroll of butterflies {unknown}
Potions
 b - 2 potions of might
 e - 2 potions of berserk rage {unknown}
 h - a potion of resistance {unknown}


   Skills:
 + Level 4.0 Fighting
 + Level 3.9 Dodging
 + Level 4.0 Shields
 + Level 3.2 Unarmed Combat


You had 4 spell levels left.
You didn't know any spells.
Your spell library was empty.

Dungeon Overview and Level Annotations

Branches:
Dungeon (2/15)

Altars:


Innate Abilities, Weirdness & Mutations

You cannot wear most types of armour.
You are amphibious.
You can wear up to eight rings at the same time.
Your skin changes colour to match your surroundings (Stealth+).
Your rubbery body absorbs attacks. (AC +1, EV +1)
((You are camouflaged when in or above water. (Stealth+)))
You have tentacles for arms and can constrict up to eight enemies at once.


Message History

You block the ball python's attack. The ball python constricts you.
Sigmund gestures at you while chanting.
You are confused.
You tentacle-slap Sigmund.
You kill Sigmund!
The ball python bites you.
* * * LOW HITPOINT WARNING * * *
The ball python constricts you. The ball python barely misses you.
The ball python constricts you.
* * * LOW HITPOINT WARNING * * *
Your Fighting skill increases to level 4!
Your Shields skill increases to level 4!
Your Unarmed Combat skill increases to level 3!
You have reached level 4!
You have reached level 5!
You feel stronger.
You tentacle-slap the ball python.
You kill the ball python!
The ball python barely misses you. The ball python constricts you.
You're too confused to move!
The ball python bites you.
* * * LOW HITPOINT WARNING * * *
The ball python constricts you.
* * * LOW HITPOINT WARNING * * *
You escape the ball python's grasp.
The ball python barely misses you. x2
A dart slug comes into view.
The ball python barely misses you. The ball python closely misses you.
You're too confused to move!
You feel less confused. The ball python closely misses you.
You block the ball python's attack.
You barely miss the ball python. Your grab misses the ball python.
You squeeze the ball python.
You kill the ball python!
Found a scroll labelled HOIC PUTUCUXTI and a scroll labelled IBRUNT DIOTU.
The dart slug launches a dart at you. The slug dart hits you.
* * * LOW HITPOINT WARNING * * *
Found a Young Poisoner's Handbook.
The dart slug launches a dart at you. The slug dart hits you.
You die...

..# ...#. #.#
..:............ #. #.#
......8??8..... #. #.#
.......≈≈...... ## #)#
.......≈≈...... #.#
......8..8...... #.#
................ #.#
.......w........
#.#######.......@........
........##.............$#
#####.#####............#
#.# ##......)...## ##.#
#.# ##.....^..## #... #.#
####''#### #..# #.# #...#
#..# #####.####### #.###
#..# ............# #.#
#..#


You could see a dart slug.

Vanquished Creatures
  Sigmund (D:2)
  An adder (D:2)
  8 ball pythons
  5 bats
  A quokka (D:1)
  A kobold (D:1)
  4 rats
21 creatures vanquished.

Notes
Turn   | Place    | Note
-------+----------+-------------------------------------------
     0 | D:1      | BinkBink the Octopode Fighter began the quest for the Orb.
     0 | D:1      | Reached XP level 1. HP: 16/16 MP: 1/1
   230 | D:1      | Reached XP level 2. HP: 20/21 MP: 2/2
   781 | D:2      | Reached XP level 3. HP: 26/26 MP: 3/3
   782 | D:2      | Found a faded altar of an unknown god.
  1049 | D:2      | Noticed Sigmund
  1055 | D:2      | Killed Sigmund
  1056 | D:2      | Reached XP level 4. HP: 5/33 MP: 4/4
  1056 | D:2      | Reached XP level 5. HP: 6/37 MP: 5/5
  1063 | D:2      | HP: 1/37 [dart slug/slug dart (5)]
  1064 | D:2      | Killed from afar by a dart slug

Illustrated notes

Levels and vault maps discovered:
D:1:      minmay_arrival_up_and_down, layout_basic
D:2:      kennysheep_big_flooded_room, layout_loops_ring,
          hellmonk_ecumenical_altar_pennies_from_heaven, uniq_sigmund

Skill      XL: |  1  2  3 |
---------------+----------+-----
Fighting       | 4 |  4.0
Shields        | 4 |  4.0
Unarmed Combat | 3 |  3.2
Dodging        | |  3.9

Action                     |  1- 3 |  4- 6 || total
---------------------------+-------+-------++-------
  Melee: Unarmed           |    37 |     2 ||    39
         Tentacles         |    12 |     1 ||    13
         Constrict         |    10 |       ||    10
   Stab: Sleeping          |     6 |       ||     6
 Armour: Skin              |    15 |     3 ||    18
  Dodge: Dodged            |    18 |     6 ||    24
  Block: Buckler           |     9 |     1 ||    10

Table legend: (Time is in decaauts)
 A = Elapsed time spent in this place.
 B = Non-inter-level travel time spent in this place.
 C = Inter-level travel time spent in this place.
 D = Time resting spent in this place.
 E = Time spent auto-exploring this place.
 F = Levels seen in this place.
 G = Mean time per level.
                   A        B        C        D        E       F      G
               +--------+--------+--------+--------+--------+-----+--------+
         Total |   1064 |   1029 |     35 |      0 |    892 |   2 |  532.0 |
       Dungeon |   1064 |   1029 |     35 |      0 |    892 |   2 |  532.0 |
               +--------+--------+--------+--------+--------+-----+--------+

Top non-repeatable levels by time:
     D:1: 551 daAuts
     D:2: 513 daAuts
